 Seeded DCSS version 0.30-a0-135-g630cfc4551 (webtiles) character file.

Game seed: 20220920 (custom seed)

179 a11behringer the Chopper (level 5, 0/44 HPs)
             Began as a Palentonga Fighter on Sept 20, 2022.
             Slain by Edmund
             ... wielding a +2 flail of protection
              (7 damage)
             ... on level 4 of the Dungeon.
             The game lasted 00:09:27 (3122 turns).

a11behringer the Chopper (Palentonga Fighter)       Turns: 3122, Time: 00:09:27

Health: 0/44       AC:  9    Str: 24    XL:     5   Next: 33%
Magic:  5/5        EV:  7    Int:  8    God:
Gold:   145        SH:  4    Dex:  9    Spells: 4/4 levels left

rFire   . . .      SeeInvis +    a - +0 war axe
rCold   . . .      Faith    .    c - +0 buckler
rNeg    . . .      Spirit   .    b - +0 scale mail
rPois   .          Reflect  .    s - +0 helmet
rElec   .          Harm     .    (no cloak)
rCorr   .          Rampage  .    v - +0 pair of gloves
Will    .....                    (no barding)
Stlth   ..........               (no amulet)
HPRegen 0.14/turn                (no ring)
MPRegen 0.09/turn                (no ring)

@: no status effects
A: large, rugged brown scales 3, see invisible, deformed body, roll 1, armoured
tail
a: Rolling Charge


You were on level 4 of the Dungeon.
You visited 1 branch of the dungeon, and saw 4 of its levels.

You collected 145 gold pieces.

Inventory:

Hand Weapons
 a - a +0 war axe (weapon)
 w - a +0 trident
 C - a +1 whip of venom
Missiles
 g - 2 throwing nets
 B - 2 datura-tipped darts
Armour
 b - a +0 scale mail (worn)
 c - a +0 buckler (worn)
 m - a +0 tower shield
 s - a +0 helmet (worn)
 v - a +0 pair of gloves (worn)
Magical Staves
 n - a staff of air
 z - a staff of fire
Jewellery
 A - a +6 ring of dexterity
Wands
 q - a wand of digging (8)
 y - a wand of mindburst (22)
Scrolls
 f - a scroll of summoning {unknown}
 h - a scroll of vulnerability {unknown}
 i - a scroll of teleportation {unknown}
 k - a scroll of torment {unknown}
 l - 2 scrolls of amnesia {unknown}
 r - 2 scrolls of identify {unknown}
 x - a scroll of enchant weapon {unknown}
Potions
 d - a potion of brilliance {unknown}
 e - 2 potions of curing {unknown}
 j - 2 potions of flight {unknown}
 o - a potion of haste {unknown}
 p - a potion of lignification {unknown}
 t - a potion of attraction {unknown}
 u - a potion of experience {unknown}


   Skills:
 + Level 3.7 Fighting
 * Level 3.8 Axes
 + Level 3.1 Armour
 + Level 3.4 Shields


You had 4 spell levels left.
You didn't know any spells.
Your spell library contained the following spells:

 Spells                   Type           Power      Damage    Failure   Level
 Shock                    Conj/Air       0%         1d3       78%         1
 Call Canine Familiar     Summ           0%         N/A       98%         3
 Portal Projectile        Hex/Tloc       0%         N/A       98%         3
 Swiftness                Air            0%         N/A       98%         3
 Airstrike                Air            0%         2d(0-16)  100%        4
 Leda's Liquefaction      Hex/Erth       0%         N/A       100%        4


Dungeon Overview and Level Annotations

Branches:
Dungeon (4/15)
 Temple: D:4-7

Altars:

Shops:
D:3 (

Annotations:
D:4 Edmund


Innate Abilities, Weirdness & Mutations

You are completely covered in rugged brown scales. (AC +3, +7% HP)
You have supernaturally acute eyesight. (SInv)
Armour fits poorly on your strangely shaped body.
You can roll at nearby foes to attack.
You have a long armoured tail.


Message History

No target in view!
Edmund the Younger comes into view.
He is wielding a +2 flail of protection.
Edmund shouts!
You roll forward with a clatter of scales!
You slash Edmund!
Your tail-slap misses Edmund.
Edmund is moderately wounded.
Edmund hits you but does no damage.
You barely miss Edmund.
Your tail-slap misses Edmund.
Edmund is moderately wounded.
Edmund hits you but does no damage.
Edmund hits you with a +2 flail of protection.
You closely miss Edmund. You tail-slap Edmund.
Edmund is moderately wounded.
Edmund says, "People accused me of being a cutpurse!"
Edmund hits you with a +2 flail of protection.
You hit Edmund.
Your tail-slap misses Edmund.
Edmund is heavily wounded.
Edmund hits you with a +2 flail of protection.
You closely miss Edmund.
Your tail-slap misses Edmund.
Edmund is heavily wounded.
Edmund hits you with a +2 flail of protection!
Edmund hits you but does no damage.
You hit Edmund but do no damage.
Your tail-slap misses Edmund.
Edmund is heavily wounded.
Edmund hits you with a +2 flail of protection!
You barely miss Edmund.
Edmund is heavily wounded.
Edmund hits you with a +2 flail of protection.
You hit Edmund.
Edmund is heavily wounded.
Edmund hits you with a +2 flail of protection!
* * * LOW HITPOINT WARNING * * *
You block Edmund's attack.
You hit Edmund. You tail-slap Edmund, but do no damage.
Edmund is severely wounded.
You block Edmund's attack.
You closely miss Edmund.
Edmund is severely wounded.
Edmund hits you with a +2 flail of protection!
You die...

#########.
#.@@......
#.####.##.
#.# #.#
#.# #.#
#.# #.#
#.#


You could see Edmund.

Vanquished Creatures
  2 orc wizards (D:3)
  Robin (D:2)
  3 gnolls (D:3)
  An adder (D:3)
  A worm (D:2)
  2 dart slugs
  4 orcs (D:3)
  3 ball pythons
  3 bats
  7 endoplasms
  2 giant cockroaches
  10 goblins
  6 hobgoblins
  5 jackals (D:1)
  5 kobolds
  4 quokkas
  4 frilled lizards
  2 rats
65 creatures vanquished.

Vanquished Creatures (others)
  2 plants (D:3)
2 creatures vanquished.

Grand Total: 67 creatures vanquished

Notes
Turn   | Place    | Note
-------+----------+-------------------------------------------
     0 | D:1      | a11behringer the Palentonga Fighter began the quest for the
                  | Orb.
     0 | D:1      | Reached XP level 1. HP: 19/19 MP: 1/1
   215 | D:1      | Reached XP level 2. HP: 21/25 MP: 2/2
   572 | D:1      | Found a faded altar of an unknown god.
  1338 | D:2      | Reached XP level 3. HP: 31/31 MP: 3/3
  1703 | D:2      | Noticed Robin
  1709 | D:2      | Killed Robin
  2061 | D:3      | Reached XP level 4. HP: 37/37 MP: 4/4
  2477 | D:3      | Found Agis Cia's Antique Weapon Boutique.
  2975 | D:3      | Reached XP level 5. HP: 44/44 MP: 5/5
  3112 | D:4      | Noticed Edmund
  3122 | D:4      | Slain by Edmund

Illustrated notes

Levels and vault maps discovered:
D:1:      dpeg_arrival_refuge, layout_basic, ebering_ecumenical_altar_rust,
          minmay_misc_feat_pillars
D:2:      layout_rooms, uniq_robin
D:3:      layout_loops_ring, serial_shops, nicolae_shop_overgrown_old_shop,
          grunt_ministairs_11
D:4:      layout_loops_ring, chequers_temple_overflow_statue_of_worship,
          lightli_ossuary_entry_decrepit_ruins, kennysheep_donut, uniq_edmund,
          uniq_menkaure

Skill      XL: |  1  2  3  4 |
---------------+-------------+-----
Shields        | 3 |  3.4
Axes           | 3 |  3.8
Armour         | 3 |  3.1
Fighting       | |  3.7

Action                   |  1- 3 |  4- 6 || total
-------------------------+-------+-------++-------
Melee: War axe           |    88 |    80 ||   168
       Tailslap          |     8 |     9 ||    17
 Abil: Rolling Charge    |     5 |     6 ||    11
  Use: Potion            |     1 |       ||     1
Armor: Scale mail        |    49 |    36 ||    85
Dodge: Dodged            |    25 |    13 ||    38
Block: Buckler           |    15 |    10 ||    25

Table legend: (Time is in decaauts)
 A = Elapsed time spent in this place.
 B = Non-inter-level travel time spent in this place.
 C = Inter-level travel time spent in this place.
 D = Time resting spent in this place.
 E = Time spent auto-exploring this place.
 F = Levels seen in this place.
 G = Mean time per level.
                   A        B        C        D        E       F      G
               +--------+--------+--------+--------+--------+-----+--------+
         Total |   3184 |   3045 |    139 |      0 |   2615 |   4 |  796.0 |
       Dungeon |   3184 |   3045 |    139 |      0 |   2615 |   4 |  796.0 |
               +--------+--------+--------+--------+--------+-----+--------+

Top non-repeatable levels by time:
     D:1: 1355 daAuts
     D:3: 1070 daAuts
     D:2: 718 daAuts
     D:4: 40 daAuts
